 Dungeon Crawl Stone Soup version 0.24-a0-84-g25a2d9f (webtiles) character file.

Game seed: 2632933060556655235

15502 Kairos the Cleaver (level 12, -12/63 HPs)
             Began as a Vine Stalker Fighter on Feb 7, 2019.
             Was a High Priest of Okawaru.
             Killed from afar by a lindwurm (28 damage)
             ... with a blast of flame
             ... on level 3 of the Lair of Beasts.
             The game lasted 00:30:19 (10938 turns).

Kairos the Cleaver (Vine Stalker Fighter)          Turns: 10938, Time: 00:30:20

Health: -12/63     AC: 17    Str: 23    XL:     12   Next: 27%
Magic:  0/14       EV: 12    Int:  8    God:    Okawaru [*****.]
Gold:   691        SH: 13    Dex: 18    Spells: 11/11 levels left

rFire    . . .     SeeInvis .   w - +2 broad axe
rCold    . . .     Gourm    .   c - +0 shield
rNeg     . . .     Faith    .   r - +4 chain mail
rPois    .         Spirit   +   (no helmet)
rElec    .         Reflect  .   p - +0 cloak
rCorr    .         Harm     .   (no gloves)
MR       +....                  (no boots)
Stlth    ..........             (no amulet)
HPRegen  1.00/turn              s - +3 ring of dexterity
MPRegen  0.14/turn              B - ring of flight

@: heroism
A: fangs 3, regeneration 2, magic shield, antimagic bite, no potion heal 3, rot
immunity
a: Heroism, Finesse, Renounce Religion, Evoke Flight


You were on level 3 of the Lair of Beasts.
You worshipped Okawaru.
Okawaru was extremely pleased with you.
You were near starving.

You visited 2 branches of the dungeon, and saw 13 of its levels.
You also visited: Ossuary.

You collected 941 gold pieces.
You spent 250 gold pieces at shops.

Inventory:

Hand Weapons
 a - a +0 war axe
 w - a +2 broad axe (weapon)
 K - a +2 flail of protection
 N - a +5 morningstar
 Q - a +1 hand axe of chopping
 R - a +0 flail of draining
Missiles
 k - 13 tomahawks (quivered)
Armour
 b - a +0 scale mail
 c - a +0 shield (worn)
 p - a +0 cloak (worn)
 r - a +4 chain mail (worn)
Jewellery
 n - an uncursed ring of ice
 s - a +3 ring of dexterity (left hand)
 B - a ring of flight (right hand)
Wands
 q - a wand of digging (1)
 v - a wand of flame (6)
 y - a wand of iceblast (8)
 C - a wand of paralysis (6)
 D - a wand of random effects (15)
Scrolls
 h - 2 scrolls of teleportation
 i - 5 scrolls of remove curse
 j - 5 scrolls of amnesia
 l - 2 scrolls of blinking
 o - 5 scrolls of fear
 x - 7 scrolls of immolation
 J - a scroll of fog
 L - 4 scrolls of identify
 O - a scroll of magic mapping
 P - a scroll of vulnerability {unknown}
Potions
 d - 4 potions of might
 e - 2 potions of haste
 g - 2 potions of ambrosia
 m - a potion of berserk rage {unknown}
 t - 4 potions of lignification {unknown}
 u - 2 potions of magic {unknown}
 z - 6 potions of curing {unknown}
 A - 2 potions of flight {unknown}
 E - 3 potions of heal wounds {unknown}
 F - 3 potions of agility
 G - a potion of resistance {unknown}
 H - 3 potions of mutation {unknown}
 I - 2 potions of cancellation {unknown}
 M - 2 potions of brilliance {unknown}
Comestibles
 f - 20 rations


   Skills:
 + Level 7.2(12.2) Fighting
 * Level 13.2(18.3) Axes
 + Level 2.7(14.2) Maces & Flails
 + Level 6.1(11.1) Armour
 + Level 1.9(6.9) Dodging
 + Level 1.2(6.2) Stealth
 + Level 7.1(12.1) Shields
 + Level 1.6 Invocations
 + Level 0.4 Evocations


You had 11 spell levels left.
You didn't know any spells.
Your spell library contained the following spells:

 Spells                   Type           Power        Failure   Level  Hunger
 Animate Skeleton         Necr           N/A          98%         1    ##.....
 Apportation              Tloc           #.....       98%         1    ##.....
 Confusing Touch          Hex            #.....       98%         1    ##.....
 Infusion                 Chrm           #...         98%         1    ##.....
 Sandblast                Erth           #.....       98%         1    ##.....
 Summon Small Mammal      Summ           #...         98%         1    ##.....
 Passwall                 Tmut/Erth      #.......     99%         2    ###....
 Stone Arrow              Conj/Erth      #.....       100%        3    ####...
 Petrify                  Tmut/Erth      #.......     100%        4    #####..
 Iskenderun's Battlesphe  Conj/Chrm      #.......     100%        5    ######.
 Lee's Rapid Deconstruct  Erth           #.........   100%        5    ######.
 Dragon Form              Tmut           #.........   100%        7    #######
 Ring of Flames           Chrm/Fire      #.........   100%        7    #######


Dungeon Overview and Level Annotations

Branches:
Dungeon (10/15)            Temple (0/1) D:6            Lair (3/6) D:10
  Swamp (0/4) Lair:2          Orc (0/2) D:10
  Snake: Lair:2-4    Spider: Lair:2-4

Altars:
Ashenzari
Cheibriados
Dithmenos
Fedhas
Gozag
Makhleb
Okawaru
Ru
Sif Muna
Trog
Uskayaw
Xom
Yredelemnul
The Shining One
Jiyva

Shops:
D:4 *%::%   D:5 [   D:6 %

Portals:
Volcano: Lair:3

Annotations:
D:7 Joseph
Lair:1 3 runed translucent doors, exclusion: 4 oklob plants, ilikecats's ghost, journeyman DsAK


Innate Abilities, Weirdness & Mutations

You have razor-sharp teeth.
You heal very quickly.
When hurt, damage is shared between your health and your magic reserves.
Your bite disrupts and absorbs the magic of your enemies.
Potions cannot restore your health.
You are immune to rotting.


Message History

You kill the polar bear!
Okawaru accepts your kill.
You hear the slow rumble of a distant avalanche of rocks.
A lindwurm comes into view.
The lindwurm roars!
Found a dark tunnel.
Why would you want to do that? The lindwurm breathes flames at you.
The blast of flame hits you. The lindwurm breathes flames at you.
The blast of flame hits you!! The lindwurm breathes flames at you.
The blast of flame hits you!! The lindwurm breathes flames at you.
The blast of flame hits you!!
* * * LOW HITPOINT WARNING * * *
You gain the combat prowess of a mighty hero.
The lindwurm breathes flames at you. The blast of flame hits you!!
You die...

########.P............
##....##...P#.#.##...#.
##.........#####.#....#,
##.....###.#.#*,.........
#P......#####....##......
#.......### *####**######
##....####.############
#P....###..k#...§§§.#.####
###P#....@#.§k§§§§§.......
#####...#≈§§§≈.§§≈≈≈.≈≈≈
#...#..§§§.....≈≈≈..
#.#...######.#......
#.##### *####.##.# *#.#**
*****,***##**#
**..#,***,,**,**,,,,**
**,...,,,*,,,,,,*,,,,,*
**,,,,,,,*,,,,,,**,,,,,*


You could see a lindwurm.

Vanquished Creatures
  Harold (D:7)
  3 hydras (Lair:2)
  A black mamba (Lair:1)
  A spiny frog (Lair:1)
  A komodo dragon (Lair:1)
  A rime drake (Lair:1)
  A polar bear (Lair:3)
  A troll (D:9)
  A tyrant leech (Lair:2)
  A blink frog (Lair:2)
  5 hippogriffs
  Eustachio (D:4)
  2 wyverns
  12 yaks
  3 hogs (D:7)
  A human (D:7)
  A basilisk (Lair:2)
  A hungry ghost (D:7)
  Edmund (D:6)
  2 swamp worms (Lair:2)
  4 water moccasins (Lair:1)
  7 porcupines
  Duvessa (D:5)
  A black bear (D:7)
  3 orc warriors
  3 phantoms
  7 ogres
  4 centaurs
  6 crocodiles
  A big kobold (D:10)
  Blork the orc (D:6)
  5 bullfrogs
  Dowan (D:5)
  4 scorpions
  A water moccasin skeleton (D:6)
  12 killer bees
  12 wights
  8 crimson imps
  3 centaur zombies
  4 jellies
  2 orc priests
  5 hounds
  8 orc wizards
  4 iguanas
  7 worker ants
  A killer bee zombie (D:7)
  2 big kobold zombies (Ossuary)
  2 hound zombies
  A hound skeleton (D:5)
  4 mummies (Ossuary)
  4 worker ant zombies
  3 howler monkey skeletons
  A howler monkey zombie (D:7)
  10 adders
  4 gnolls (D:8)
  A shadow imp (D:8)
  An adder zombie (D:4)
  4 worms
  3 dart slugs (D:1)
  11 leopard geckos
  39 orcs
  6 bats
  4 giant cockroaches
  2 gnoll zombies (D:4)
  7 goblins
  6 hobgoblins
  16 jackals
  11 kobolds
  5 quokkas
  A ball python (D:2)
  7 frilled lizards
  3 goblin zombies (Ossuary)
  A jackal skeleton (D:4)
  A jackal zombie (D:6)
  A kobold zombie (Ossuary)
  An orc zombie (Ossuary)
  5 rats
  2 fungi
  2 plants
327 creatures vanquished.

Vanquished Creatures (others)
  A fungus (Lair:1)
  2 plants (Lair:1)
3 creatures vanquished.

Grand Total: 330 creatures vanquished

Notes
Turn   | Place    | Note
-------+----------+-------------------------------------------
     0 | D:1      | Kairos the Vine Stalker Fighter began the quest for the
                  | Orb.
     0 | D:1      | Reached XP level 1. HP: 11/11 MP: 2/2
    48 | D:1      | Reached XP level 2. HP: 9/16 MP: 1/3
   462 | D:1      | Reached skill level 2 in Axes
   462 | D:1      | Reached XP level 3. HP: 20/20 MP: 4/4
  1134 | D:2      | Found a glowing golden altar of the Shining One.
  1306 | D:2      | Gained mutation: Your natural rate of healing is unusually
                  | fast. [Vine Stalker growth]
  1306 | D:2      | Reached XP level 4. HP: 24/24 MP: 5/5
  1430 | D:2      | Reached skill level 3 in Axes
  1748 | D:3      | Reached XP level 5. HP: 27/28 MP: 6/6
  1995 | D:3      | Reached XP level 6. HP: 32/32 MP: 7/7
  2025 | D:3      | Reached skill level 4 in Axes
  2212 | D:3      | Found a sacrificial altar of Ru.
  2336 | D:4      | Found an iron altar of Okawaru.
  2343 | D:4      | Became a worshipper of Warmaster Okawaru
  2489 | D:4      | Noticed Eustachio
  2588 | D:4      | Killed Eustachio
  2588 | D:4      | Reached skill level 5 in Axes
  2588 | D:4      | Reached XP level 7. HP: 8/37 MP: 1/8
  2754 | D:4      | Found Zihuxe's Book Emporium.
  2759 | D:4      | Found Dacedaim's Book Shop.
  2963 | D:4      | Found a basalt altar of Yredelemnul.
  3047 | D:4      | Found Ungomoic's Food Boutique.
  3099 | D:4      | Found Vimooloa's Food Emporium.
  3120 | D:4      | Found Sadwibb's Assorted Antiques.
  3125 | D:4      | Bought a notched copper ring for 125 gold pieces
  3142 | D:4      | Found a shimmering altar of Xom.
  3304 | D:4      | Reached * piety under Okawaru
  3457 | D:5      | Entered Level 5 of the Dungeon
  3488 | D:5      | Found a sand-covered staircase.
  3515 | Ossuary  | Entered an ossuary
  3582 | Ossuary  | Gained mutation: You have razor-sharp teeth. [Vine Stalker
                  | growth]
  3582 | Ossuary  | Reached XP level 8. HP: 42/42 MP: 9/9
  3624 | Ossuary  | Reached skill level 6 in Axes
  3901 | D:5      | Found a shattered altar of Ashenzari.
  3992 | D:4      | Bought a glowing ivory ring for 125 gold pieces
  4081 | D:5      | Found Neom's Antique Armour Shoppe.
  4081 | D:5      | Noticed Duvessa
  4081 | D:5      | Noticed Dowan
  4101 | D:5      | Killed Dowan
  4108 | D:5      | Killed Duvessa
  4881 | D:6      | Found a snail-covered altar of Cheibriados.
  4882 | D:6      | Found an opulent altar of Gozag.
  4883 | D:6      | Found a deep blue altar of Sif Muna.
  4893 | D:6      | Noticed Edmund
  4904 | D:6      | Killed Edmund
  4904 | D:6      | Reached skill level 7 in Axes
  4924 | D:6      | Found a hide-covered altar of Uskayaw.
  4957 | D:6      | Found Uzxeusih's Food Shop.
  4961 | D:6      | Noticed Blork the orc
  4968 | D:6      | Killed Blork the orc
  4968 | D:6      | Reached ** piety under Okawaru
  4972 | D:6      | Reached skill level 5 in Shields
  5023 | D:6      | Reached XP level 9. HP: 41/46 MP: 8/10
  5086 | D:6      | Reached skill level 1 in Dodging
  5096 | D:6      | Reached skill level 8 in Axes
  5122 | D:6      | Found a burning altar of Makhleb.
  5158 | D:6      | Found a staircase to the Ecumenical Temple.
  5263 | D:6      | You fall through a shaft!
  5328 | D:7      | Reached skill level 5 in Fighting
  5450 | D:6      | Reached *** piety under Okawaru
  5622 | D:7      | Reached skill level 9 in Axes
  5708 | D:7      | Found a blossoming altar of Fedhas.
  5717 | D:7      | Found a bloodstained altar of Trog.
  5763 | D:7      | Noticed Joseph
  6191 | D:7      | Reached skill level 1 in Maces & Flails
  6269 | D:7      | Reached XP level 10. HP: 49/51 MP: 11/11
  6393 | D:7      | Noticed Harold
  6410 | D:7      | Killed Harold
  6410 | D:7      | Reached **** piety under Okawaru
  6410 | D:7      | Reached skill level 10 in Axes
  7187 | D:8      | Reached skill level 11 in Axes
  7317 | D:9      | Found a shadowy altar of Dithmenos.
  7394 | D:9      | Reached ***** piety under Okawaru
  7659 | D:9      | Reached XP level 11. HP: 52/56 MP: 12/12
  7827 | D:10     | Entered Level 10 of the Dungeon
  7895 | D:10     | HP: 2/56 [poisoned by a killer bee]
  8219 | D:10     | Found a staircase to the Orcish Mines.
  8555 | D:10     | Found a staircase to the Lair.
  8648 | D:10     | Received a gift from Okawaru
  8648 | D:10     | Reached skill level 1 in Invocations
  9048 | Lair:1   | Entered Level 1 of the Lair of Beasts
  9089 | Lair:1   | Reached skill level 12 in Axes
  9102 | Lair:1   | Found a runed translucent gate.
  9103 | Lair:1   | Found a runed translucent gate.
  9105 | Lair:1   | Found a runed translucent gate.
  9110 | Lair:1   | Noticed ilikecats's ghost (journeyman DsAK)
  9126 | Lair:1   | Reached skill level 5 in Armour
  9234 | Lair:1   | Noticed an oklob plant
  9234 | Lair:1   | Noticed an oklob plant
  9899 | Lair:1   | Found a viscous altar of Jiyva.
  9906 | Lair:1   | Noticed an oklob plant
  9909 | Lair:1   | Noticed an oklob plant
  9997 | Lair:2   | Identified the Guide on Good Luck and Transmigration
 10229 | Lair:2   | Noticed a five-headed hydra
 10238 | Lair:2   | Killed a five-headed hydra
 10238 | Lair:2   | Reached skill level 13 in Axes
 10238 | Lair:2   | Gained mutation: You heal very quickly. [Vine Stalker
                  | growth]
 10238 | Lair:2   | Reached XP level 12. HP: 41/63 MP: 11/14
 10387 | Lair:2   | Noticed a six-headed hydra
 10393 | Lair:2   | Killed a seven-headed hydra
 10393 | Lair:2   | Reached skill level 1 in Stealth
 10469 | Lair:2   | Received a gift from Okawaru
 10481 | Lair:2   | Found a staircase to the Swamp.
 10573 | Lair:2   | Noticed a four-headed hydra
 10585 | Lair:2   | Killed a four-headed hydra
 10812 | Lair:2   | Received a gift from Okawaru
 10920 | Lair:3   | Found a dark tunnel.
 10938 | Lair:3   | Killed from afar by a lindwurm

Levels and vault maps discovered:

Skill      XL: |  1  2  3  4  5  6  7  8  9 10 11 12 |
---------------+-------------------------------------+-----
Fighting       | 3 4 5 7 |  7.2
Shields        | 3 4 5 6 7 |  7.1
Axes           | 2 3 5 7 9 11 13 | 13.2
Armour         | 3 4 5 6 |  6.1
Dodging        | 1 |  1.9
Maces & Flails | 1 2 |  2.7
Invocations    | 1 |  1.6
Stealth        | 1 |  1.2
Evocations     | |  0.4

Action                   |  1- 3 |  4- 6 |  7- 9 | 10-12 || total
-------------------------+-------+-------+-------+-------++-------
Melee: War axe           |    93 |   186 |       |       ||   279
       Bite              |    18 |    69 |   109 |   194 ||   390
       Broad axe         |       |    83 |   279 |   455 ||   817
       Morningstar       |       |       |    24 |    13 ||    37
Invok: Heroism           |       |       |     4 |    15 ||    19
 Abil: Evoke Flight      |       |       |     1 |       ||     1
Evoke: Wand              |       |       |     7 |     1 ||     8
  Use: Scroll            |     1 |     5 |     9 |     8 ||    23
  Eat: Chunk             |     1 |     5 |     5 |     9 ||    20
       Ration            |       |       |     3 |     1 ||     4
Armor: Scale mail        |    38 |       |       |       ||    38
       Chain mail        |       |   188 |   151 |   173 ||   512
Dodge: Dodged            |    38 |    53 |    74 |   131 ||   296
Block: Shield            |    56 |   149 |   177 |   233 ||   615

Table legend:
 A = Non-vault XP
 B = Vault XP
 C = Vault XP percentage of total XP
 D = Non-vault monster count
 E = Vault monster count
 F = Vault count percentage of total count
                 A         B        C        D         E       F
            +---------+---------+-------+---------+---------+-------
      Total |   14280 |    7866 |  35.5 |     269 |      54 |  16.7
            +---------+---------+-------+---------+---------+-------
        D:1 |      41 |       8 |  16.3 |      18 |       4 |  18.2
        D:2 |     100 |       0 |   0.0 |      27 |       0 |   0.0
        D:3 |     288 |       0 |   0.0 |      35 |       0 |   0.0
        D:4 |     330 |     353 |  51.7 |      22 |       6 |  21.4
        D:5 |     372 |     214 |  36.5 |      10 |       2 |  16.7
        D:6 |     768 |     267 |  25.8 |      19 |       2 |   9.5
        D:7 |    1858 |    1967 |  51.4 |      34 |       6 |  15.0
        D:8 |    1115 |       0 |   0.0 |      22 |       0 |   0.0
        D:9 |    1441 |       0 |   0.0 |      29 |       0 |   0.0
       D:10 |    1160 |     430 |  27.0 |      23 |       5 |  17.9
     Lair:1 |    4284 |    1532 |  26.3 |      20 |       9 |  31.0
     Lair:2 |    2204 |    2923 |  57.0 |       9 |       8 |  47.1
     Lair:3 |     319 |       0 |   0.0 |       1 |       0 |   0.0
    Ossuary |       0 |     172 | 100.0 |       0 |      12 | 100.0
            +---------+---------+-------+---------+---------+-------
